Map: Odyssey LE

Players

Lambo - Winner!

  • Race: Zerg Zerg
  • Spawn Location: 11:00

ShoWTimE

  • Race: Protoss Protoss
  • Spawn Location: 5:00

Event: WCS Jonkoping 2017

VOD

Have the link to the VOD?

Description

Time

  • Played on: June 17, 2017, 11:02 a.m.
  • Length: 12:09

All games in this series

Show
View Real Time Build Order
Export as new Build Order

Lambo Zerg - Winner!

Build Orders: Hatch First 

Get SALT Encoding   

  12  0:00  Drone  
  13  0:12  Overlord  
  13  0:18  Drone  
  14  0:30  Drone x2  
  14  0:34  Drone  
  17  0:52  Hatchery  
  17  0:55  Drone  
  17  0:58  Drone  
  18  1:09  Extractor  
  17  1:13  Spawning Pool  
  17  1:16  Drone  
  17  1:19  Drone  
  18  1:27  Drone  
  19  1:39  Overlord  
  19  1:49  Drone  
  20  2:00  Queen  
  20  2:01  Zergling x2  
  23  2:04  Queen  
  23  2:05  Zergling x2  
  26  2:08  Metabolic Boost  
  26  2:11  Drone  
  26  2:15  Drone  
  28  2:21  Drone  
  29  2:26  Drone  
  30  2:37  Hatchery  
  30  2:39  Drone  
  30  2:48  Pneumatized Carapace  
  30  2:50  Drone  
  32  2:51  Drone  
  32  2:59  Overlord  
  32  3:01  Drone x2  
  34  3:09  Zergling x4  
  36  3:15  Overlord  
  37  3:20  Drone x3  
  37  3:21  Queen  
  37  3:24  Drone x2  
  43  3:29  Overlord  
  44  3:34  Zergling x4  
  44  3:39  Evolution Chamber  
  44  3:40  Overlord  
  43  3:46  Spore Crawler  
  43  3:47  Spore Crawler  
  43  3:48  Drone x2  
  43  3:56  Drone x3  
  43  3:59  Queen  
  48  4:04  Zerg Melee Weapons Level 1  
  48  4:06  Drone  
  49  4:12  Extractor, Drone x3  
  49  4:16  Queen  
  53  4:23  Drone x3  
  56  4:25  Overlord  
  56  4:29  Overlord  
  56  4:33  Baneling Nest  
  56  4:35  Drone x3  
  58  4:41  Queen  
  60  4:49  Zergling x8  
  60  4:50  Zergling x2  
  65  4:54  Spore Crawler  
  65  4:55  Queen  
  65  4:57  Zergling x2  
  67  5:03  Zergling x6  
  70  5:08  Zergling x8  
  74  5:15  Zergling x8  
  78  5:23  Zergling x12  
  84  5:32  Overlord  
  84  5:33  Zergling x6  
  84  5:34  Zergling x4  
  89  5:38  Overlord  
  89  5:43  Baneling  
  89  5:44  Baneling x11  
  89  5:46  Overlord  
  89  5:47  Baneling  
  89  5:51  Baneling  
  89  5:52  Zergling x2  
  89  5:55  Baneling  
  89  5:56  Zergling x2  
  89  5:57  Zergling x4  
  93  6:03  Zergling x10  
  96  6:06  Zergling x6  
  96  6:08  Baneling x3  
  99  6:14  Baneling  
  99  6:15  Baneling x2  
  97  6:21  Zergling x6  
  90  6:26  Zergling x10  
  83  6:32  Zergling x2  
  83  6:39  Zergling x4  
  82  6:40  Baneling  
  82  6:41  Baneling  
  82  6:46  Zergling x14  
  88  6:48  Baneling  
  88  6:49  Baneling x4  
  88  6:52  Zergling x2  
  87  6:56  Zergling x4  
  84  7:06  Zergling x10  
  84  7:13  Zergling x6  
  84  7:14  Zergling x6  
  87  7:19  Zergling x4  
  87  7:20  Zergling x2  
  87  7:21  Zerg Ground Armor Level 1  
  87  7:22  Drone  
  88  7:28  Drone x2  
  88  7:29  Drone  
  86  7:33  Lair  
  86  7:36  Hatchery  
  85  7:39  Drone x3  
  85  7:41  Drone x2  
  85  7:42  Drone x4  
  94  7:46  Evolution Chamber, Drone  
  94  7:50  Drone x2  
  96  7:54  Drone x2  
  98  8:03  Drone x3  
  101  8:10  Drone x2  
  101  8:11  Drone x3  
  106  8:13  Overlord  
  106  8:15  Overlord  
  106  8:19  Overlord  
  106  8:20  Overlord  
  106  8:25  Extractor  
  104  8:27  Extractor x3  
  104  8:30  Zergling x12  
  97  8:37  Zergling x2  
  97  8:38  Zergling x12  
  99  8:43  Zergling x10  
  99  8:47  Zerg Melee Weapons Level 2  
  100  8:49  Hydralisk Den  
  100  8:53  Queen  
  100  8:55  Zergling x8  
  102  8:59  Spine Crawler  
  100  9:03  Zergling x8  
  100  9:04  Baneling x8  
  100  9:05  Baneling x3  
  100  9:07  Baneling  
  100  9:08  Baneling  
  104  9:10  Baneling x3  
  104  9:11  Baneling  
  104  9:14  Drone x2  
  104  9:15  Drone x2  
  106  9:26  Drone x6  
  106  9:27  Queen  
  106  9:28  Muscular Augments  
  108  9:35  Hydralisk x3  
  108  9:36  Hydralisk  
  108  9:37  Overlord  
  116  9:39  Overlord x2  
  116  9:45  Baneling x3  
  116  9:46  Hydralisk  
  116  9:52  Centrifical Hooks  
  118  9:54  Hydralisk  
  118  9:58  Hydralisk  
  118  9:59  Overlord  
  122  10:00  Overlord  
  122  10:05  Hydralisk x2  
  122  10:06  Hydralisk  
  128  10:07  Overlord  
  128  10:11  Hydralisk x2  
  132  10:15  Hydralisk  
  132  10:17  Hatchery  
  132  10:19  Hydralisk  
  135  10:29  Hydralisk x4  
  135  10:32  Zergling x20  
  152  10:35  Hydralisk  
  152  10:40  Hydralisk x2  
  158  10:44  Hydralisk  
  160  10:54  Overlord x2  
  160  10:57  Overlord  
  160  11:02  Baneling x10, Overlord  
  160  11:03  Overlord x2  
  160  11:08  Zergling x2  
  160  11:14  Zergling x18  
  168  11:18  Zergling x2  
  168  11:19  Zergling x6  
  165  11:27  Zergling x14  
  165  11:31  Hydralisk x2, Zergling x6  
  165  11:32  Zergling x2  
  169  11:39  Zergling x8  
  171  11:41  Hydralisk x3  
  171  11:44  Infestation Pit  
  174  11:48  Zergling x2  
Show
View Real Time Build Order
Export as new Build Order

ShoWTimE Protoss 

Build Orders: Nexus First, Oracle Opening 

Get SALT Encoding   

  12  0:00  Probe (Chrono Boost)  
  13  0:11  Probe (Chrono Boost)  
  14  0:18  Pylon  
  14  0:22  Probe (Chrono Boost)  
  15  0:36  Probe (Chrono Boost)  
  16  0:47  Probe (Chrono Boost)  
  17  0:58  Nexus  
  17  1:07  Gateway  
  17  1:11  Probe (Chrono Boost)  
  18  1:16  Assimilator  
  18  1:21  Probe (Chrono Boost)  
  18  1:24  Assimilator  
  19  1:32  Probe (Chrono Boost)  
  20  1:37  Gateway  
  20  1:42  Probe (Chrono Boost)  
  21  1:53  Probe (Chrono Boost)  
  22  1:54  Cybernetics Core  
  22  2:03  Probe (Chrono Boost)  
  22  2:07  Pylon  
  23  2:10  Probe (Chrono Boost)  
  23  2:14  Probe (Chrono Boost)  
  25  2:20  Probe (Chrono Boost)  
  26  2:24  Probe (Chrono Boost)  
  27  2:30  Probe (Chrono Boost)  
  27  2:31  Adept (Chrono Boost)  
  27  2:32  Adept (Chrono Boost)  
  27  2:35  Warp Gate  
  32  2:37  Probe  
  32  2:43  Probe  
  34  2:48  Stargate  
  34  2:50  Probe  
  35  2:55  Probe  
  36  3:00  Adept (Chrono Boost)  
  36  3:03  Adept (Chrono Boost)  
  36  3:05  Probe  
  41  3:08  Probe  
  41  3:11  Pylon  
  42  3:17  Probe (Chrono Boost)  
  43  3:20  Probe (Chrono Boost)  
  43  3:24  Pylon  
  44  3:29  Probe (Chrono Boost)  
  44  3:31  Probe (Chrono Boost)  
  44  3:32  Oracle (Chrono Boost)  
  49  3:38  Assimilator  
  49  3:40  Probe  
  49  3:41  Probe  
  50  3:44  Adept x2  
  55  3:51  Probe  
  55  3:53  Probe  
  57  3:59  Pylon  
  57  4:01  Phoenix (Chrono Boost)  
  57  4:04  Probe (Chrono Boost)  
  57  4:05  Mothership Core (Chrono Boost)  
  62  4:16  Nexus  
  62  4:19  Pylon  
  62  4:22  Probe (Chrono Boost)  
  63  4:24  Oracle  
  63  4:26  Pylon  
  63  4:27  Probe (Chrono Boost)  
  67  4:34  Probe (Chrono Boost)  
  67  4:38  Probe (Chrono Boost), Assimilator  
  69  4:45  Robotics Facility  
  69  4:48  Probe x2 (Chrono Boost)  
  71  4:57  Pylon  
  71  4:59  Probe (Chrono Boost)  
  73  5:00  Probe (Chrono Boost), Twilight Council  
  73  5:01  Forge  
  73  5:03  Sentry  
  73  5:05  Zealot  
  77  5:10  Probe (Chrono Boost)  
  77  5:12  Probe (Chrono Boost)  
  79  5:22  Probe (Chrono Boost)  
  79  5:24  Probe (Chrono Boost), Gateway x2  
  79  5:27  Charge  
  81  5:31  Probe (Chrono Boost)  
  81  5:32  Observer (Chrono Boost), Probe (Chrono Boost), Gateway  
  85  5:41  Protoss Ground Weapons Level 1 (Chrono Boost)  
  86  5:44  Probe, Assimilator  
  86  5:47  Photon Cannon, Assimilator  
  85  5:50  Photon Cannon  
  85  5:53  Photon Cannon  
  85  5:55  Pylon  
  85  5:58  Sentry x2  
  85  6:03  Photon Cannon  
  89  6:11  Photon Cannon  
  89  6:14  Photon Cannon  
  87  6:26  Stalker x2  
  87  6:32  Sentry x2  
  76  6:36  Immortal  
  77  6:40  Probe  
  77  6:41  Probe  
  83  6:47  Pylon  
  83  6:48  Gateway  
  83  6:51  Pylon  
  83  6:52  Zealot x2, Gateway  
  86  6:55  Gateway  
  86  6:56  Zealot x2  
  86  6:57  Probe x2  
  86  6:58  Probe  
  80  7:12  Immortal  
  80  7:13  Zealot x2  
  76  7:26  Templar Archives  
  76  7:27  Protoss Ground Weapons Level 2 (Chrono Boost)  
  76  7:29  Gateway  
  71  7:32  Zealot  
  71  7:33  Zealot  
  68  7:45  Zealot x2  
  68  7:49  Immortal  
  72  7:51  Pylon  
  72  7:53  Pylon  
  76  8:01  Pylon  
  76  8:05  High Templar  
  78  8:09  High Templar x2  
  78  8:10  High Templar  
  78  8:11  Zealot  
  86  8:14  Archon x2  
  86  8:20  Nexus  
  86  8:24  Pylon  
  86  8:28  Pylon  
  86  8:32  Zealot  
  82  8:38  Psionic Storm  
  72  8:43  Zealot x4  
  72  8:46  Probe x2  
  82  8:58  Probe x2  
  82  8:59  High Templar x2  
  88  9:09  Immortal  
  92  9:12  Assimilator  
  92  9:13  Probe  
  92  9:15  Probe, Assimilator  
  94  9:21  High Templar  
  96  9:26  Probe  
  96  9:27  Probe  
  98  9:31  Probe, Pylon  
  98  9:38  Probe  
  100  9:39  Probe  
  100  9:41  Robotics Facility  
  100  9:44  High Templar  
  103  9:52  Gateway  
  103  9:53  Gateway  
  103  9:56  High Templar  
  105  10:01  Immortal  
  109  10:08  High Templar  
  109  10:12  Pylon  
  109  10:13  Stalker x2  
  115  10:26  Nexus  
  115  10:31  Immortal  
  115  10:34  Pylon  
  115  10:35  Pylon  
  119  10:36  Photon Cannon  
  119  10:40  High Templar x2  
  123  10:45  Archon  
  121  10:52  Immortal  
  125  10:59  Photon Cannon  
  125  11:04  Zealot x5  
  135  11:12  Immortal  
  138  11:24  Zealot  
  130  11:29  Zealot  
  130  11:51  Zealot x5  
  110  12:02  Archon  
  110  12:03  Archon  
  110  12:05  Zealot x3  
Tags
 
Add a new tag
Caveats
  • Supply blocks, unpowered buildings, or Contaminate may cause inaccurate times.
  • Supply counts are checked every 10 seconds.